 Dungeon Crawl Stone Soup version 0.27-a0-1206-g6342a01c75 (webtiles) character file.

Game seed: 13386107036246584392

56 27snakeeyes612 the Skirmisher (level 3, -2/34 HPs)
             Began as a Naga Fighter on June 5, 2021.
             Slain by an adder (4 damage)
             ... on level 2 of the Dungeon.
             The game lasted 00:01:04 (1971 turns).

27snakeeyes612 the Skirmisher (Naga Fighter)        Turns: 1971, Time: 00:01:06

Health: -2/34      AC:  4    Str: 19    XL:     3   Next: 97%
Magic:  3/3        EV:  5    Int:  8    God:
Gold:   34         SH:  9    Dex: 10    Spells: 2/2 levels left

rFire    . . .     SeeInvis +   a - +0 war axe
rCold    . . .     Faith    .   c - +0 kite shield
rNeg     . . .     Spirit   .   b - +0 scale mail
rPois    +         Reflect  .   (no helmet)
rElec    .         Harm     .   (no cloak)
rCorr    .         Rampage  .   (no gloves)
Will     .....                  (no barding)
Stlth    ..........             (no amulet)
HPRegen  0.11/turn              (no ring)
MPRegen  0.08/turn              (no ring)

@: very slow
A: AC +1, large, see invisible, deformed body, poison resistance, slowness 2,
spit poison 1, naga tail 1
a: Spit Poison


You were on level 2 of the Dungeon.
You visited 1 branch of the dungeon, and saw 2 of its levels.

You collected 34 gold pieces.

Inventory:

Hand Weapons
 a - a +0 war axe (weapon)
Armour
 b - a +0 scale mail (worn)
 c - a +0 kite shield (worn)
Jewellery
 f - an amulet of guardian spirit
Wands
 d - a wand of digging (5)
Scrolls
 e - a scroll of fear {unknown}
 g - a scroll of teleportation {unknown}
 h - a scroll of brand weapon {unknown}
 i - 2 scrolls of enchant weapon {unknown}
 k - a scroll of vulnerability {unknown}
Potions
 j - a potion of cancellation {unknown}


   Skills:
 + Level 3.3 Fighting
 + Level 2.8 Axes
 + Level 2.7 Armour
 + Level 0.1 Dodging
 + Level 2.9 Shields


You had 2 spell levels left.
You didn't know any spells.
Your spell library was empty.

Dungeon Overview and Level Annotations

Branches:
Dungeon (2/15)

Altars:


Innate Abilities, Weirdness & Mutations

Your serpentine skin is tough. (AC +1)
You have supernaturally acute eyesight. (SInv)
Armour fits poorly on your strangely shaped body.
Your system is resistant to poisons. (rPois)
You cover ground very slowly.
You can spit poison.
You have a snake-like lower body.


Message History

You closely miss the adder.
You feel very sick. The adder barely misses you. The adder bites you.
You closely miss the adder.
You feel sick. The adder bites you but does no damage. The adder bites you.
You barely miss the adder.
You feel sick. The adder bites you but does no damage.
The adder barely misses you. The adder bites you.
You hit the adder.
The adder is moderately wounded.
You feel sick.
You are no longer poisoned.
The adder bites you. You block the adder's attack.
You hit the adder but do no damage.
The adder is lightly wounded.
You block the adder's attack. The adder bites you.
You are poisoned.
The adder poisons you!
You completely miss the adder.
The adder is lightly wounded.
You feel sick. You block the adder's attack.
You hit the adder.
The adder is severely wounded.
You feel sick. The adder bites you.
* * * LOW HITPOINT WARNING * * *
You block the adder's attack. The adder bites you but does no damage.
You closely miss the adder.
The adder is severely wounded.
You feel sick. You block the adder's attack.
You barely miss the adder.
The adder is severely wounded.
You feel sick.
You are no longer poisoned.
The adder bites you.
* * * LOW HITPOINT WARNING * * *
You block the adder's attack.
You miss the adder.
The adder is severely wounded.
The adder bites you.
You die...

.....?....#...........#
......).>.#.......##..#
..........#..[.#####..#
.........h####.# #..#
........hh.†h#.# ##>#
#####+######h#.########
#h#.....# #S#####.# #@#
###.# #)# #...######.#
#.###.#........#
#.....#..#######
########.# .........#
##########


You could see an adder and 3 jackals.

Vanquished Creatures
  An adder (D:2)
  A worm (D:2)
  A dart slug (D:1)
  2 endoplasms (D:1)
  A giant cockroach (D:1)
  8 goblins
  5 hobgoblins
  4 jackals
  6 quokkas (D:1)
  A ball python (D:1)
  4 bats
  A frilled lizard (D:1)
  A kobold (D:1)
  A rat (D:1)
37 creatures vanquished.

Notes
Turn   | Place    | Note
-------+----------+-------------------------------------------
     0 | D:1      | 27snakeeyes612 the Naga Fighter began the quest for the
                  | Orb.
     0 | D:1      | Reached XP level 1. HP: 21/21 MP: 1/1
   285 | D:1      | Reached XP level 2. HP: 28/28 MP: 2/2
   776 | D:1      | Reached XP level 3. HP: 29/34 MP: 3/3
  1455 | D:2      | HP: 1/34 [worm (6)]
  1971 | D:2      | Slain by an adder

Illustrated notes

Levels and vault maps discovered:
D:1:      mainiacjoe_arrival_reflecting_pool, layout_basic
D:2:      layout_basic, hangedman_decor_points

Action                   || total
-------------------------++-------
Melee: War axe           ||   131
  Use: Potion            ||     3
Armor: Scale mail        ||    58
Dodge: Dodged            ||    27
Block: Kite shield       ||    77

Table legend: (Time is in decaauts)
 A = Elapsed time spent in this place.
 B = Non-inter-level travel time spent in this place.
 C = Inter-level travel time spent in this place.
 D = Time resting spent in this place.
 E = Time spent auto-exploring this place.
 F = Levels seen in this place.
 G = Mean time per level.
                   A        B        C        D        E       F      G
               +--------+--------+--------+--------+--------+-----+--------+
         Total |   2376 |   2338 |     38 |      0 |   2019 |   2 | 1188.0 |
       Dungeon |   2376 |   2338 |     38 |      0 |   2019 |   2 | 1188.0 |
               +--------+--------+--------+--------+--------+-----+--------+

Top non-repeatable levels by time:
     D:1: 1764 daAuts
     D:2: 612 daAuts
